 Dungeon Sprint DCSS version 0.31.0-32-g396128a36d (webtiles) character file.

Game seed: 17578128607833250348

3299 Groucho the Geomancer (level 9, -14/46 HPs)
             Began as a Spriggan Earth Elementalist on Apr 10, 2024.
             Was a High Priest of Sif Muna.
             Demolished by a vampire knight
             ... wielding a +0 long sword
              (34 damage)
             ... in the Dungeon (Sprint VII: "The Pits") on Apr 11, 2024.
             The game lasted 00:11:03 (3666 turns).

Groucho the Geomancer (Spriggan Earth Elementalist) Turns: 3666, Time: 00:11:04

Health: -14/46     AC:  2    Str:  4    XL:     9   Next: 70%
Magic:  18/23      EV: 26    Int: 20    God:    Sif Muna [*****.]
Gold:   0          SH:  0    Dex: 19    Spells: 15/27 levels left

rFire   . . .        m - +2 dagger (venom)
rCold   . . .        (no shield)
rNeg    . . .        a - +0 robe
rPois   .            (helmet restricted)
rElec   .            (no cloak)
rCorr   .            (gloves unavailable)
SInv    +            (boots unavailable)
Will    +....        (no amulet)
Stlth   ++++         h - +3 ring of dexterity
HPRegen 0.27/turn    n - +3 ring of evasion
MPRegen 0.18/turn

%: no teleportation
@: very quick
A: very small, no large weapons, unfitting armour, see invisible, speed 3
a: Renounce Religion, Channel Magic, Forget Spell, Divine Exegesis


You were in the Dungeon.
You worshipped Sif Muna.
Sif Muna was extremely pleased with you.
You visited 1 branch

Inventory:

Hand Weapons
 m - a +2 dagger of venom (weapon)
 q - a +2 rapier of venom
Armour
 a - a +0 robe (worn)
Jewellery
 h - a +3 ring of dexterity (left hand)
 n - a +3 ring of evasion (right hand)
Scrolls
 g - a scroll of blinking
 j - 2 scrolls of vulnerability
 k - 5 scrolls of amnesia
 l - a scroll of butterflies
Potions
 b - 5 potions of magic
 c - 7 potions of curing
 d - 6 potions of heal wounds
 e - 2 potions of haste
 f - 3 potions of berserk rage
 i - 2 potions of invisibility
 o - a potion of resistance
 p - a potion of mutation


   Skills:
 + Level 4.9 Fighting
 + Level 6.1 Short Blades
 + Level 8.0 Dodging
 + Level 9.5 Stealth
 + Level 9.5 Spellcasting
 * Level 8.5 Conjurations
 * Level 10.5 Earth Magic
 + Level 6.1 Alchemy
 + Level 7.3 Invocations


You had 15 spell levels left.
You knew the following spells:

 Your Spells              Type           Power      Damage    Failure   Level
a - Sandblast             Erth           100%       2d20      1%          1
b - Stone Arrow           Conj/Erth      94%        3d12      1%          3
c - Petrify               Alch/Erth      42%        N/A       2%          4
d - Brom's Barrelling Bo  Conj/Erth      47%        2d6       1%          4

Your spell library contained the following spells:

 Spells                   Type           Power      Damage    Failure   Level
 Passwall                 Erth           51%        N/A       1%          3
 Summon Small Mammal      Summ           36%        N/A       8%          1
 Scorch                   Fire           18%        2d5       11%         2
 Flame Wave               Conj/Fire      26%        2d8       13%         4
 Sticky Flame             Fire/Alch      21%        2d6       21%         4
 Summon Ice Beast         Ice/Summ       9%         N/A       22%         3
 Martyr's Knell           Necr/Summ      9%         N/A       58%         4
 Summon Cactus Giant      Summ           4%         N/A       100%        6


Dungeon Overview and Level Annotations

Branches:
Dungeon (1/1)

Altars:
Ashenzari
Cheibriados
Dithmenos
Elyvilon
Fedhas
Gozag
Hepliaklqana
Kikubaaqudgha
Makhleb
Nemelex Xobeh
Okawaru
Qazlal
Ru
Sif Muna
Trog
Uskayaw
Vehumet
Wu Jian
Xom
Yredelemnul
Zin
The Shining One
Jiyva
Lugonu


Innate Abilities, Weirdness & Mutations

You are very small and have problems with some larger weapons.
You are too small for most types of armour.
You have supernaturally acute eyesight. (SInv)
You cover ground extremely quickly. (Speed+++)


Message History

Aim: a vampire knight, wielding a +0 long sword and wearing a +0 plate armour (moderately damaged, 85% to hit)
The stone arrow misses the vampire knight.
Unknown command.
Unknown command.
There is an open door here.
Aiming: Stone Arrow (safe; 1% risk of failure)
Press: ? - help, Q - select action, (/) - cycle Shift-Dir - straight line, f/p - vampire knight
Aim: a vampire knight, wielding a +0 long sword and wearing a +0 plate armour (moderately damaged, 85% to hit)
The stone arrow hits the vampire knight!
The vampire knight is moderately damaged.
You feel less invigorated.
Unknown command.
Unknown command.
Aiming: Stone Arrow (safe; 1% risk of failure)
Press: ? - help, Q - select action, (/) - cycle Shift-Dir - straight line, f/p - vampire knight
Aim: a vampire knight, wielding a +0 long sword and wearing a +0 plate armour (moderately damaged, 85% to hit)
The stone arrow hits the vampire knight.
The vampire knight is heavily damaged.
The vampire knight gestures wildly while chanting.
The vampire knight seems to speed up.
Unknown command.
Aiming: Stone Arrow (safe; 1% risk of failure)
Press: ? - help, Q - select action, (/) - cycle Shift-Dir - straight line, f/p - vampire knight
Aim: a vampire knight, wielding a +0 long sword and wearing a +0 plate armour (heavily damaged, fast, 85% to hit)
The stone arrow hits the vampire knight!
The vampire knight is heavily damaged.
The vampire knight mumbles some strange words.
The vampire knight flickers and vanishes for a moment.
Unknown command.
The vampire knight points at you and mumbles some strange words.
The vampire knight blinks!
The vampire knight attacks as it pursues you!
The vampire knight hits you with a +0 long sword!!
Ouch! That really hurt!
The vampire knight bites you.
The vampire knight draws strength from your injuries!
The vampire knight attacks as it pursues you!
The vampire knight hits you with a +0 long sword!!
Ouch! That really hurt!
You die...

##########.##.....
#...........).....
#'#####'#####..)..
#.#...#.#..##.....
#.#...#.#))#####'#
#.#...).#))##.....
#.##'####))##.....
#V#.....#[[##.....
#@#.....#'###...<.
#.#........##.....
#.#........##.....
#'###########.....
#.......#.. ######
#..###..#.########
#....)..#.#....#..
##.###.##'#....#..
#.....(.#.'....'..


You could see a vampire knight (fast, invisible).

Vanquished Creatures
  A naga warrior (D)
  An orc knight (D)
  A cyclops (D)
  A naga mage (D)
  A smoke demon (D)
  A hellwing (D)
  2 glass eyes (D)
  A hog (shapeshifter) (D)
  A naga (D)
  A sky beast (D)
  An ice beast (D)
  A necrophage (D)
  2 brain worms (D)
  2 jellies (D)
  Terence (D)
  2 gnolls (D)
  2 ufetubi (D)
  An endoplasm (D)
  2 quokkas (D)
  A ball python (D)
  A ball python zombie (D)
  2 bats (D)
  A frilled lizard (D)
  A goblin (D)
31 creatures vanquished.

Notes
Turn   | Place    | Note
-------+----------+-------------------------------------------
     0 | D        | Groucho the Spriggan Earth Elementalist began the quest for
                  | the Orb.
     0 | D        | Reached XP level 1. HP: 9/9 MP: 5/5
    14 | D        | Reached skill level 1 in Conjurations
    41 | D        | Found a glowing golden altar of the Shining One.
    41 | D        | Found a glowing silver altar of Zin.
    41 | D        | Found a basalt altar of Yredelemnul.
    41 | D        | Found a shimmering altar of Xom.
    41 | D        | Found an ornate altar of the Wu Jian Council.
    41 | D        | Found a bloodstained altar of Trog.
    41 | D        | Found a shimmering blue altar of Sif Muna.
    41 | D        | Found a sacrificial altar of Ru.
    41 | D        | Found a stormy altar of Qazlal.
    41 | D        | Found an iron altar of Okawaru.
    41 | D        | Found a sparkling altar of Nemelex Xobeh.
    41 | D        | Found a burning altar of Makhleb.
    41 | D        | Found a viscous altar of Jiyva.
    41 | D        | Found a hazy altar of Hepliaklqana.
    41 | D        | Found an opulent altar of Gozag.
    41 | D        | Found a blossoming altar of Fedhas.
    41 | D        | Found a white marble altar of Elyvilon.
    41 | D        | Found a shadowy altar of Dithmenos.
    41 | D        | Found a snail-covered altar of Cheibriados.
    42 | D        | Found a radiant altar of Vehumet.
    42 | D        | Found a corrupted altar of Lugonu.
    43 | D        | Found an ancient bone altar of Kikubaaqudgha.
    43 | D        | Found a hide-covered altar of Uskayaw.
    43 | D        | Found a broken altar of Ashenzari.
    44 | D        | Became a worshipper of Sif Muna the Loreminder
    79 | D        | Reached skill level 3 in Earth Magic
   132 | D        | Reached * piety under Sif Muna
   133 | D        | Reached XP level 2. HP: 13/13 MP: 5/7
   282 | D        | Noticed a brain worm
   282 | D        | Noticed a glass eye
   580 | D        | Killed a glass eye
   580 | D        | Reached ** piety under Sif Muna
   581 | D        | Reached skill level 5 in Conjurations
   581 | D        | Reached skill level 6 in Earth Magic
   581 | D        | Reached XP level 3. HP: 16/16 MP: 0/11
   581 | D        | Reached XP level 4. HP: 21/21 MP: 0/13
   581 | D        | Reached XP level 5. HP: 24/24 MP: 0/14
   969 | D        | Learned a level 3 spell: Stone Arrow
   974 | D        | Learned a level 4 spell: Petrify
   979 | D        | Learned a level 4 spell: Brom's Barrelling Boulder
   985 | D        | Reached skill level 7 in Earth Magic
  1227 | D        | Reached XP level 6. HP: 29/29 MP: 12/16
  1228 | D        | Reached *** piety under Sif Muna
  1229 | D        | Reached skill level 1 in Fighting
  1229 | D        | Reached skill level 1 in Short Blades
  1229 | D        | Reached skill level 1 in Alchemy
  1405 | D        | Noticed a glass eye
  1409 | D        | Killed a glass eye
  1409 | D        | Reached **** piety under Sif Muna
  1410 | D        | Reached skill level 5 in Stealth
  1410 | D        | Reached skill level 8 in Earth Magic
  1410 | D        | Reached skill level 5 in Invocations
  1410 | D        | Reached XP level 7. HP: 35/35 MP: 11/18
  1591 | D        | Noticed Terence
  1593 | D        | Killed Terence
  1596 | D        | Noticed an orc knight
  1607 | D        | Killed an orc knight
  1608 | D        | Reached skill level 5 in Dodging
  1608 | D        | Reached XP level 8. HP: 40/40 MP: 9/21
  1963 | D        | Reached skill level 9 in Earth Magic
  2150 | D        | Noticed a smoke demon
  2151 | D        | Reached ***** piety under Sif Muna
  2202 | D        | Killed a smoke demon
  2205 | D        | HP: 2/40 [burnt (10)]
  2347 | D        | Noticed a cyclops
  2351 | D        | Killed a cyclops
  2352 | D        | Reached skill level 5 in Alchemy
  2689 | D        | Noticed a hellwing
  2689 | D        | Noticed a naga mage
  2689 | D        | Noticed a naga warrior
  2728 | D        | Killed a naga warrior
  2728 | D        | Received a gift from Sif Muna
  2729 | D        | Reached skill level 5 in Short Blades
  2729 | D        | Reached skill level 10 in Earth Magic
  2729 | D        | Reached XP level 9. HP: 23/46 MP: 4/23
  2731 | D        | Killed a hellwing
  2734 | D        | Got Sif Muna's Precepts of the Assembled Sun {god gift}
  3346 | D        | Noticed a polar bear
  3349 | D        | a polar bear changed into a hog
  3362 | D        | Killed a naga mage
  3637 | D        | Noticed a vampire knight
  3666 | D        | Demolished by a vampire knight

Illustrated notes

Levels and vault maps discovered:
D:        pitsprint [storerooms_1, entrance_room_1, metal_vault_1, armoury_1,
          mini_pit_1, grid_room_1, main_hall_1, silver_pit, the_coven_3,
          the_vestibule_1, steel_vault_4, golden_pit, hallway_of_sentries,
          crystal_vault_1, iron_vault_1, final_vault]

Skill      XL: |  1  2  3  4  5  6  7  8  9 |
---------------+----------------------------+-----
Conjurations   | 2 5 6 8 |  8.5
Spellcasting   | 3 6 7 8 9 |  9.5
Earth Magic    | 3 6 7 8 10 | 10.5
Invocations    | 4 5 6 7 |  7.3
Fighting       | 2 3 4 |  4.9
Short Blades   | 2 3 5 6 |  6.1
Dodging        | 4 5 7 8 |  8.0
Stealth        | 5 6 8 9 |  9.5
Alchemy        | 2 3 5 6 |  6.1

Action                     |  1- 3 |  4- 6 |  7- 9 || total
---------------------------+-------+-------+-------++-------
  Melee: Dagger            |    17 |     1 |     8 ||    26
   Cast: Sandblast         |    16 |       |       ||    16
         Stone Arrow       |       |    13 |    36 ||    49
         Petrify           |       |       |     8 ||     8
 Invoke: Channel Magic     |       |       |     1 ||     1
    Use: Potion            |       |       |     6 ||     6
   Stab: Sleeping          |     1 |     1 |     2 ||     4
         Petrified         |       |       |     5 ||     5
 Armour: Robe              |     3 |       |     6 ||     9
  Dodge: Dodged            |     3 |     1 |     4 ||     8
